AoeStats
← Gilmarq97

Pilgrims

510222371Analyzed
3v3 RM · 2d ago on Sep 30, 2026· 36m 32s· 6 players
Game mode
Random Map
Map size
Normal (6 player)
Population
200
Speed
Normal
Resources
Standard
Victory
Conquest
Starting age
Dark Age
Ending age
Imperial Age
RankedLock teamsTeams togetherTeam positionsShared explorationLock speedFull tech treeHidden civsTurbo modeCheats
Victory
Defeat
🇨🇱 Persians · Chile
1233
+10
1217
+11
🇨🇱 Vikings · Chile
979
+20
🇺🇸 Aztecs · United States
1123
-15
🇧🇷 Vikings · Brazil
1089
-14
🇲🇽 Huns · Mexico
1061
-12
Gilmarq97
7:11 Loom
12:18 Feudal Age
17:47 Castle Age
16:58 Stone Mining
17:06 Gold Mining
19:20 Fletching
22:13 Scale Barding Armor
22:19 Forging
22:33 Horse Collar
23:11 Double-Bit Axe
24:59 Town Watch
25:54 Wheelbarrow
29:09 Hand Cart
Bélga
8:40 Loom
13:31 Feudal Age
13:34 Man-at-Arms
19:02 Castle Age
17:33 Gold Mining
17:32 Double-Bit Axe
18:05 Arson
18:31 Scale Mail Armor
19:00 Forging
21:02 Long Swordsman
25:23 Iron Casting
27:50 Chain Mail Armor
32:28 Imperial Age
32:31 Two-Handed Swordsman
34:14 Blast Furnace
33:22 Squires
33:10 Arson
33:37 Champion
Jersey_TitanX
11:04 Feudal Age
11:37 Town Watch
11:38 Loom
11:50 Man-at-Arms
16:46 Castle Age
15:07 Arson
24:17 Devotion
ACHMP | Azunigal
11:16 Feudal Age
11:52 Double-Bit Axe
14:48 Fishing Lines
17:40 Castle Age
15:26 Loom
17:39 Forging
17:34 Scale Barding Armor
19:05 Iron Casting
18:30 Gillnets
19:39 Chain Barding Armor
20:13 Bow Saw
25:49 Imperial Age
25:12 Bloodlines
25:02 Husbandry
25:08 Husbandry
27:08 Chemistry
26:50 Plate Barding Armor
25:42 Cavalier
27:30 Blast Furnace
27:03 Savar
30:05 Medium Warships
ACHMP | Capitan Zap Branigam
0:49 Double-Bit Axe
8:01 Fishing Lines
8:32 Loom
11:28 Feudal Age
13:00 Bow Saw
15:41 Castle Age
13:42 Gillnets
15:38 Fletching
15:59 Forging
16:45 Medium Warships
17:05 Town Watch
17:27 Bodkin Arrow
22:14 Two-Man Saw
23:15 Wheelbarrow
24:12 Scale Barding Armor
31:16 Imperial Age
BlackDogChile [VIP*]
12:08 Feudal Age
10:33 Loom
20:23 Castle Age
24:12 Town Watch
26:34 Scale Mail Armor
26:45 Forging
27:41 Double-Bit Axe
35:53 Imperial Age
33:36 Fishing Lines
Connection lost

Rejoining the realm…

Still unreachable

The connection could not be restored.

Session expired

The server has moved on; the page needs a fresh start.